AoeStats
← [ICMW] DEMBA

Hideout

508509158Analyzed
1v1 RM · 9d ago on Sep 22, 2026· 39m 12s· 2 players
Game mode
Random Map
Map size
Tiny (2 player)
Population
200
Speed
Normal
Resources
Standard
Victory
Conquest
Starting age
Dark Age
Ending age
Imperial Age
RankedLock teamsTeams togetherTeam positionsShared explorationLock speedFull tech treeHidden civsTurbo modeCheats
Victory
Defeat
🇹🇷 Bulgarians · Türkiye
1174
+16
🇬🇧 Saxons · United Kingdom
1164
-16
Coolfool
11:08 Feudal Age
12:48 Loom
15:27 Castle Age
13:22 Gold Mining
14:33 Horse Collar
17:08 Double-Bit Axe
17:41 Stone Mining
20:46 Bow Saw
22:09 Wheelbarrow
22:17 Heavy Plow
28:12 Imperial Age
26:36 Forging
26:29 Scale Mail Armor
28:29 Hand Cart
29:13 Gold Shaft Mining
32:12 Chain Mail Armor
32:09 Forging
32:32 Conscription
31:56 Elite Varangian Guard
32:48 Squires
32:35 Arson
32:39 Elite Varangian Guard
[ICMW] DEMBA
9:53 Feudal Age
12:11 Loom
15:44 Castle Age
13:47 Horse Collar
14:58 Double-Bit Axe
15:33 Forging
15:20 Stone Mining
26:46 Heavy Plow
26:58 Bow Saw
31:38 Imperial Age
30:16 Husbandry
30:33 Bloodlines
30:29 Scale Barding Armor
31:45 Iron Casting
31:32 Chain Barding Armor
32:08 Stirrups
33:06 Plate Barding Armor
37:34 Conscription
Connection lost

Rejoining the realm…

Still unreachable

The connection could not be restored.

Session expired

The server has moved on; the page needs a fresh start.